 Dungeon Crawl Stone Soup version 0.27-a0-1290-g15d3ce7508 (webtiles) character file.

Game seed: 16336457637229783799

4 27snakeeyes612 the Skirmisher (level 1, 0/11 HPs)
             Began as a Vine Stalker Fighter on June 15, 2021.
             Slain by a quokka (3 damage)
             ... on level 1 of the Dungeon.
             The game lasted 00:00:23 (293 turns).

27snakeeyes612 the Skirmisher (Vine Stalker Fighter) Turns: 293, Time: 00:00:24

Health: 0/11       AC:  6    Str: 18    XL:     1   Next: 60%
Magic:  0/2        EV:  7    Int:  8    God:
Gold:   0          SH:  9    Dex: 13    Spells: 0/0 levels left

rFire    . . .     SeeInvis .   a - +0 flail
rCold    . . .     Faith    .   c - +0 kite shield
rNeg     . . .     Spirit   +   b - +0 scale mail
rPois    .         Reflect  .   (no helmet)
rElec    .         Harm     .   (no cloak)
rCorr    .         Rampage  .   (no gloves)
Will     .....                  (no boots)
Stlth    ..........             (no amulet)
HPRegen  0.03/turn              (no ring)
MPRegen  0.08/turn              (no ring)

@: no status effects
A: fangs 2, magic shield, antimagic bite, no potion heal 2
a: no special abilities


You were on level 1 of the Dungeon.
You visited 1 branch of the dungeon, and saw 1 of its levels.

Inventory:

Hand Weapons
 a - a +0 flail (weapon)
Armour
 b - a +0 scale mail (worn)
 c - a +0 kite shield (worn)
 e - a +0 chain mail
Potions
 d - a potion of might


   Skills:
 + Level 2.8 Fighting
 + Level 1.8 Maces & Flails
 + Level 2.4 Armour
 + Level 2.7 Shields


You couldn't memorise any spells.
You didn't know any spells.
Your spell library was empty.

Dungeon Overview and Level Annotations

Branches:
Dungeon (1/15)

Altars:


Innate Abilities, Weirdness & Mutations

You have extremely sharp teeth.
When hurt, damage is shared between your health and your magic reserves.
Your bite disrupts and absorbs the magic of your enemies.
Potions cannot restore your health.


Message History

e - a +0 chain mail
There are no items here.
Found a runed scarf.
A quokka, a jackal and a kobold come into view.
The kobold shouts!
There are monsters nearby!
An endoplasm comes into view.
The endoplasm quivers.
You miss the quokka. You block the quokka's attack. x2
The kobold hits you but does no damage.
The jackal bites you but does no damage.
You closely miss the jackal. The quokka barely misses you.
You block the jackal's attack.
The kobold hits you with a +0 short sword.
The quokka barely misses you. The jackal barely misses you.
You hit the jackal. Your bite misses the jackal.
The jackal is almost dead.
You block the jackal's attack. You block the quokka's attack.
The kobold closely misses you. You block the jackal's attack.
The quokka twitches its whiskers.
The quokka bites you.
The kobold hits you with a +0 short sword.
You sock the jackal!
You kill the jackal!
You block the quokka's attack. You block the kobold's attack.
The quokka bites you but does no damage.
You closely miss the kobold. The kobold barely misses you.
The quokka bites you but does no damage.
The kobold hits you with a +0 short sword.
* * * LOW HITPOINT WARNING * * *
The quokka bites you but does no damage.
You are too injured to fight recklessly!
You are too injured to fight recklessly!
You are too injured to fight recklessly!
You are too injured to fight recklessly!
The kobold throws a stone.
You block the stone.
The quokka twitches its whiskers.
The quokka twitches its whiskers.
The quokka bites you.
You die...

#...# #..#.#.#.## #...####
### #...# #.#.#.#.#.#
##### ##.#
###...####.........# .
#.#.
............##....####....
##.#
...............#..........
#†#
..[......J..####..####....
#.# ###...#####.####..# .
#.. #...# #.JK.r..# ###
#..J# ######@## #...# #.#
###### #...# #.# #.....
##.## #.###### #.#### #.
#......# #.# #. ######.#
#.# #.######.# #........#
##########


You could see an endoplasm, a quokka and a kobold.

Vanquished Creatures
  An endoplasm (D:1)
  A jackal (D:1)
  2 frilled lizards (D:1)
4 creatures vanquished.

Notes
Turn   | Place    | Note
-------+----------+-------------------------------------------
     0 | D:1      | 27snakeeyes612 the Vine Stalker Fighter began the quest for
                  | the Orb.
     0 | D:1      | Reached XP level 1. HP: 11/11 MP: 2/2
   293 | D:1      | Slain by a quokka

Illustrated notes

Levels and vault maps discovered:
D:1:      lightli_arrival_chessboard, layout_loops_cross,
          ebering_ecumenical_altar_box

Action                   || total
-------------------------++-------
Melee: Flail             ||    11
Armor: Scale mail        ||     7
Dodge: Dodged            ||     5
Block: Kite shield       ||    12

Table legend: (Time is in decaauts)
 A = Elapsed time spent in this place.
 B = Non-inter-level travel time spent in this place.
 C = Inter-level travel time spent in this place.
 D = Time resting spent in this place.
 E = Time spent auto-exploring this place.
 F = Levels seen in this place.
 G = Mean time per level.
                   A        B        C        D        E       F      G
               +--------+--------+--------+--------+--------+-----+--------+
         Total |    299 |    299 |      0 |    100 |    156 |   1 |  299.0 |
       Dungeon |    299 |    299 |      0 |    100 |    156 |   1 |  299.0 |
               +--------+--------+--------+--------+--------+-----+--------+

Top non-repeatable levels by time:
     D:1: 299 daAuts
